 Dungeon Crawl Stone Soup version 0.23-a0-643-g9ccc95a (webtiles) character file.

23120 galech the Cleaver (level 12, 0/95 HPs)
             Began as a Demonspawn Fighter on Dec 31, 2018.
             Was a High Priest of Okawaru.
             Slain by an orc warrior
             ... wielding a +0 scimitar
             ... led by an orc warlord
              (19 damage)
             ... on level 1 of the Orcish Mines.
             The game lasted 00:25:00 (17728 turns).

galech the Cleaver (Demonspawn Fighter)            Turns: 17728, Time: 00:25:00

Health: 0/95       AC: 33    Str: 22    XL:     12   Next: 69%
Magic:  13/13      EV: 11    Int:  9    God:    Okawaru [*****.]
Gold:   426        SH: 14    Dex: 18    Spells: 11/11 levels left

rFire    + + .     SeeInvis .   L - +6 broad axe of Courage {chop, rF+ MR+}
rCold    . . .     Gourm    .   c - +0 shield
rNeg     . . .     Faith    .   e - +10 plate armour {ponderous}
rPois    .         Spirit   .   (helmet restricted)
rElec    .         Reflect  .   (no cloak)
rCorr    .         Harm     .   x - +2 pair of gloves
MR       +....     Rnd*Rage +   (no boots)
Stlth    ..........             u - amulet of rage
HPRegen  0.25/turn              b - ring of wizardry
MPRegen  0.13/turn              (no ring)

@: mighty, about to teleport, heroism, slow
A: horns 2, molten scales 1, berserk 1, fire resistance 1, powered by pain 2,
shaggy fur 1
a: Heroism, Finesse, Renounce Religion, Evoke Berserk Rage


You were on level 1 of the Orcish Mines.
You worshipped Okawaru.
Okawaru was extremely pleased with you.
You were hungry.

You visited 3 branches of the dungeon, and saw 13 of its levels.

You collected 556 gold pieces.
You spent 130 gold pieces at shops.

Inventory:

Hand Weapons
 H - a +0 hand axe of chopping
 I - the +6 scimitar "Xamu Zya" {venom, rPois rC- rN+++}
   (You took it off an orc warrior on level 9 of the Dungeon)

   It poisons the flesh of those it strikes.
   It makes you vulnerable to cold.
   It protects you from poison.
   It renders you almost immune to negative energy.
 J - a +2 battleaxe of flaming
 L - the +6 broad axe of Courage (weapon) {chop, rF+ MR+}
   (Okawaru gifted it to you on level 11 of the Dungeon)

   It inflicts extra damage upon your enemies.
   It protects you from fire.
   It affects your resistance to hostile enchantments.
Armour
 c - a +0 shield (worn)
 e - a +10 plate armour of ponderousness (worn)
 s - a +1 leather armour of fire resistance
 x - a +2 pair of gloves (worn)
Jewellery
 b - a ring of wizardry (left hand)
 u - an amulet of rage (around neck)
Wands
 d - a wand of random effects (41)
 k - a wand of flame (13)
 q - a wand of iceblast (9)
 B - a wand of enslavement (7)
 D - a wand of digging (4)
 F - a wand of polymorph (9)
Scrolls
 i - 7 scrolls of remove curse
 l - 5 scrolls of magic mapping
 m - 5 scrolls of enchant weapon
 n - a scroll of fog
 o - 2 scrolls of enchant armour
 p - 4 scrolls of teleportation
 r - a scroll of fear {unknown}
Potions
 g - 3 potions of mutation
 h - a potion of degeneration {unknown}
 j - 2 potions of berserk rage {unknown}
 v - 2 potions of flight {unknown}
 w - 2 potions of agility
 z - a potion of lignification {unknown}
 C - a potion of brilliance
 E - a potion of cancellation {unknown}
Comestibles
 f - 18 rations


   Skills:
 + Level 9.3(14.3) Fighting
 + Level 13.0(18.0) Axes
 + Level 9.5(14.5) Armour
 + Level 2.5(7.5) Dodging
 + Level 1.7(6.7) Stealth
 + Level 8.3(13.3) Shields
 + Level 1.5 Invocations


You had 11 spell levels left.
You didn't know any spells.
Your spell library was empty.

Dungeon Overview and Level Annotations

Branches:
Dungeon (11/15)            Temple (1/1) D:6            Lair (0/6) D:11
    Orc (1/2) D:9

Altars:
Ashenzari
Cheibriados
Dithmenos
Fedhas
Gozag
Kikubaaqudgha
Makhleb
Nemelex Xobeh
Okawaru
Qazlal
Ru
Sif Muna
Trog
Uskayaw
Vehumet
Wu Jian
Xom
Yredelemnul
Zin
The Shining One

Shops:
D:6 }   D:8 !%[   D:11 *


Innate Abilities, Weirdness & Mutations

You have a pair of horns on your head.
You are partially covered in molten scales. (AC +2)
You sometimes gain power by taking damage.
You tend to lose your temper in combat.
Your flesh is heat resistant. (rF+)
You are covered in fur. (AC +1)


Message History

The orc warlord is lightly wounded.
You slash the orc warrior! You hit the orc warrior.
An orc comes into view. It is wielding a +0 club.
You block the orc warrior's attack. x2
The orc warlord hits you with a +1 long sword of holy wrath!!
You focus on the pain.
You feel very mighty all of a sudden.
You convulse!
You hear a shout!
As you read the scroll of teleportation, it crumbles to dust.
You feel strangely unstable.
The orc warrior hits you with a +0 hand axe!!
* * * LOW HITPOINT WARNING * * *
You focus on the pain.
You feel your power returning. 2 orc sorcerers come into view.
The orc sorcerer shouts! x2
The orc warlord roars a battlecry!
The orcs go into a battle-frenzy!
The orc warrior hits you with a +0 scimitar!!
You die...

... .## ####..
...### #.#.^.
....##
.....####....
.....##.... .
#....##..#
#...##....##.##
#o....oo...#
#......#o)@#.##
..oo>.o.#o####
...###...## ..
#o..# . ...#.#
..... ......
##.... ...


You could see an orc warlord, 3 orc sorcerers, 2 orc warriors and 2 orcs.

Vanquished Creatures
  Gastronok (D:10)
  An orc warlord (D:9)
  A two-headed ogre (D:11)
  5 death yaks
  Nergalle (D:11)
  An ugly thing (D:11)
  5 deep elf magi
  A gargoyle (D:11)
  A centaur skeleton (D:11)
  Grinder (D:3)
  2 trolls (D:9)
  Prince Ribbit (D:5)
  3 hippogriffs
  Sigmund (D:6)
  A vampire (D:11)
  15 yaks
  A wraith (D:11)
  Eustachio (D:6)
  Grum (D:8)
  2 hungry ghosts
  2 wargs (D:9)
  Duvessa (D:6)
  A soldier ant (D:11)
  2 water moccasins
  6 ice beasts
  A black bear (D:11)
  14 orc warriors
  5 phantoms
  2 sky beasts
  6 ogres
  2 wolves
  10 centaurs
  A crocodile (D:8)
  2 big kobolds
  A gnoll sergeant (D:10)
  7 bullfrogs
  Dowan (D:6)
  7 scorpions
  13 killer bees
  An electric eel (D:9)
  A howler monkey (D:7)
  2 crimson imps
  2 bullfrog zombies (D:9)
  3 quasits
  8 hounds
  3 jellies
  13 orc priests
  16 orc wizards
  A bullfrog skeleton (D:9)
  11 worker ants
  3 iguanas
  3 hound skeletons
  7 gnolls
  A worker ant zombie (D:10)
  10 adders
  A shadow imp (D:4)
  An adder zombie (D:9)
  An adder skeleton (D:6)
  2 worms
  3 dart slugs
  2 leopard geckos
  66 orcs
  5 bats
  9 giant cockroaches
  12 goblins
  8 hobgoblins
  10 jackals
  18 kobolds
  5 quokkas
  3 ball pythons
  3 frilled lizards
  10 rats
374 creatures vanquished.

Notes
Turn   | Place    | Note
-------+----------+-------------------------------------------
     0 | D:1      | galech the Demonspawn Fighter began the quest for the Orb.
     0 | D:1      | Reached XP level 1. HP: 18/18 MP: 1/1
   208 | D:1      | Gained mutation: You sometimes gain a little power by
                  | taking damage. [demonic ancestry]
   208 | D:1      | Reached XP level 2. HP: 23/24 MP: 2/2
   246 | D:1      | Reached skill level 2 in Axes
   827 | D:2      | Reached XP level 3. HP: 26/29 MP: 3/3
  1138 | D:2      | Noticed a centaur
  1145 | D:2      | Killed a centaur
  1145 | D:2      | Reached skill level 3 in Axes
  1145 | D:2      | Reached XP level 4. HP: 14/35 MP: 4/4
  1350 | D:2      | Found a deep blue altar of Sif Muna.
  1692 | D:3      | Reached XP level 5. HP: 26/41 MP: 5/5
  1809 | D:3      | Noticed Grinder
  1813 | D:3      | Paralysed by Grinder for 6 turns
  1821 | D:3      | Gained mutation: Your flesh is heat resistant. (rF+)
                  | [potion of mutation]
  1821 | D:3      | Gained mutation: You are covered in fur. (AC +1) [potion of
                  | mutation]
  1821 | D:3      | Gained mutation: You tend to lose your temper in combat.
                  | [potion of mutation]
  1821 | D:3      | Gained mutation: You have a pair of small horns on your
                  | head. [potion of mutation]
  1956 | D:4      | Noticed an ogre
  1966 | D:4      | Killed an ogre
  2320 | D:4      | Reached skill level 4 in Axes
  2436 | D:4      | Reached XP level 6. HP: 46/47 MP: 6/6
  3522 | D:3      | Paralysed by Grinder for 4 turns
  3540 | D:3      | Paralysed by Grinder for 2 turns
  3555 | D:3      | Paralysed by Grinder for 7 turns
  3826 | D:3      | Paralysed by Grinder for 3 turns
  3834 | D:3      | Paralysed by Grinder for 5 turns
  3840 | D:3      | Paralysed by Grinder for 7 turns
  3854 | D:3      | Paralysed by Grinder for 3 turns
  3866 | D:3      | Killed Grinder
  3866 | D:3      | Reached XP level 7. HP: 32/53 MP: 7/7
  4345 | D:3      | Reached skill level 5 in Axes
  4349 | D:3      | Reached skill level 1 in Dodging
  4622 | D:3      | Found a blossoming altar of Fedhas.
  4723 | D:5      | Entered Level 5 of the Dungeon
  4724 | D:5      | Found an opulent altar of Gozag.
  5543 | D:5      | Reached XP level 8. HP: 60/60 MP: 8/8
  5589 | D:5      | Reached skill level 6 in Axes
  5589 | D:5      | Reached skill level 5 in Armour
  6077 | D:6      | Reached skill level 5 in Shields
  6351 | D:6      | Found Kugux's Gadget Shop.
  6422 | D:6      | Got a faintly glowing rapier
  6423 | D:6      | Identified the cursed +1 rapier of Doom {pierce, rPois MR+
                  | Str-3 Stlth+} (You found it on level 6 of the Dungeon)
  6623 | D:6      | Noticed Dowan
  6627 | D:6      | Noticed Prince Ribbit
  6628 | D:6      | Noticed Duvessa
  6700 | D:5      | Killed Prince Ribbit
  6700 | D:5      | Reached skill level 7 in Axes
  6823 | D:6      | Killed Duvessa
  6828 | D:6      | Killed Dowan
  6828 | D:6      | Gained mutation: You sometimes gain power by taking damage.
                  | [demonic ancestry]
  6828 | D:6      | Reached XP level 9. HP: 66/66 MP: 9/9
  7241 | D:6      | Found a staircase to the Ecumenical Temple.
  7243 | D:6      | Noticed Sigmund
  7259 | D:6      | Killed Sigmund
  7282 | Temple   | Entered the Ecumenical Temple
  7348 | Temple   | Became a worshipper of Warmaster Okawaru
  7385 | D:6      | Noticed Eustachio
  7419 | D:6      | Reached skill level 1 in Stealth
  7450 | D:6      | Killed Eustachio
  7450 | D:6      | Reached skill level 5 in Fighting
  7450 | D:6      | Reached skill level 8 in Axes
  8355 | D:7      | Found a shimmering altar of Xom.
  8389 | D:7      | Found an ancient bone altar of Kikubaaqudgha.
  8389 | D:7      | Found a bloodstained altar of Trog.
  8724 | D:8      | Found Ostropnu's Armour Shoppe.
  8919 | D:8      | Reached * piety under Okawaru
  8956 | D:8      | Reached skill level 9 in Axes
  8988 | D:8      | Noticed Grum
  9014 | D:7      | Mutation became permanent: You have a pair of small horns
                  | on your head. [demonic ancestry]
  9014 | D:7      | Gained mutation: You have a pair of small horns on your
                  | head. [demonic ancestry]
  9014 | D:7      | Reached XP level 10. HP: 45/76 MP: 10/10
  9163 | D:8      | Killed Grum
  9256 | D:8      | Found Mowkoaca's Food Boutique.
  9291 | D:8      | Found Veffa's Distillery.
 10206 | D:8      | Reached ** piety under Okawaru
 10618 | D:8      | Bought a potion of heal wounds for 65 gold pieces
 10618 | D:8      | Bought a potion of heal wounds for 65 gold pieces
 11537 | D:9      | Reached skill level 10 in Axes
 12115 | D:9      | Reached *** piety under Okawaru
 12418 | D:9      | Identified the +6 scimitar "Xamu Zya" {venom, rPois rC-
                  | rN+++}
 12806 | D:9      | Gained mutation: You have a pair of horns on your head.
                  | [demonic ancestry]
 12806 | D:9      | Reached XP level 11. HP: 83/83 MP: 11/11
 12945 | D:9      | Found a staircase to the Orcish Mines.
 13103 | D:10     | Entered Level 10 of the Dungeon
 13139 | D:10     | Noticed Gastronok
 13175 | D:10     | HP: 1/84 [Gastronok/the air (21)]
 13179 | D:10     | Killed Gastronok
 13657 | D:10     | Reached **** piety under Okawaru
 13751 | D:10     | Reached skill level 11 in Axes
 13963 | D:11     | Noticed a death yak
 13964 | D:11     | Noticed a death yak
 14065 | D:11     | Noticed a death yak
 14097 | D:10     | Killed a death yak
 14099 | D:10     | Reached skill level 1 in Invocations
 14443 | D:11     | Noticed a death yak
 14470 | D:10     | Killed a death yak
 14674 | D:11     | Noticed a death yak
 15172 | D:10     | Killed a death yak
 15182 | D:10     | Killed a death yak
 15182 | D:10     | Reached ***** piety under Okawaru
 15374 | D:11     | Killed a death yak
 15704 | D:11     | Gained mutation: You are partially covered in molten
                  | scales. (AC +2) [demonic ancestry]
 15704 | D:11     | Reached XP level 12. HP: 94/94 MP: 12/12
 15758 | D:11     | Found a staircase to the Lair.
 15895 | D:11     | Noticed Nergalle
 15910 | D:11     | Killed Nergalle
 15910 | D:11     | Received a gift from Okawaru
 15910 | D:11     | Reached skill level 12 in Axes
 15914 | D:11     | Got a warped broad axe {god gift}
 15915 | D:11     | Identified the +6 broad axe of Courage {chop, rF+ MR+}
                  | (Okawaru gifted it to you on level 11 of the Dungeon)
 16153 | D:11     | Found Oqit's Assorted Antiques.
 16275 | D:11     | Noticed a two-headed ogre
 16283 | D:11     | Killed a two-headed ogre
 16344 | D:11     | Found a runed door.
 16352 | D:11     | Found a runed door.
 16709 | Orc:1    | Entered Level 1 of the Orcish Mines
 17099 | Orc:1    | Noticed an orc warlord
 17321 | D:9      | Killed an orc warlord
 17474 | Orc:1    | Noticed an orc high priest
 17716 | Orc:1    | Noticed an orc warlord
 17725 | Orc:1    | Reached skill level 13 in Axes
 17728 | Orc:1    | Slain by an orc warrior

Vault maps used:
D:1:      psy_arrival_spokes, minmay_close_crescents
D:2:      led_sif_pool
D:3:      fedhas_altar_fruit_tree, uniq_grinder
D:4:      first_ration
D:5:      grunt_gozag_breadcrumbs
D:6:      minmay_temple_entry_crystal_x, serial_shops, shop, uniq_eustachio,
          uniq_prince_ribbit1, uniq_duvessa, uniq_sigmund
D:7:      chequers_temple_overflow_statue_of_worship, serial_glass,
          glass_columns_b, glass_columns_b, glass_columns_a, glass_columns_a,
          glass_columns_a, feat_on_display, due_unseen_surprise,
          item_on_display_a, feat_on_display
D:8:      serial_shops, nicolae_shop_stone, shop, nicolae_shop_stone, uniq_grum
D:9:      erik_orc_2
D:10:     uniq_gastronok
D:11:     lemuel_insect_pit, dpeg_lair_monsters, serial_shops,
          nicolae_shop_behind_doors, uniq_nergalle
Temple:   eino_temple_scatter_basement
Orc:1:    basic_altar, elves_outpost_lemuel, uniq_urug, uniq_sonja

Skill      XL: |  1  2  3  4  5  6  7  8  9 10 11 12 |
---------------+-------------------------------------+-----
Axes           | 2 3 4 5 7 9 10 11 13 | 13.0
Shields        | 3 4 5 6 7 8 |  8.3
Armour         | 3 4 5 6 8 9 |  9.5
Dodging        | 1 2 |  2.5
Fighting       | 4 6 8 9 |  9.3
Stealth        | 1 |  1.7
Invocations    | 1 |  1.5

Action                   |  1- 3 |  4- 6 |  7- 9 | 10-12 || total
-------------------------+-------+-------+-------+-------++-------
Melee: War axe           |   114 |   134 |   423 |   671 ||  1342
       Headbutt          |       |    17 |    97 |   207 ||   321
       Broad axe         |       |       |       |   145 ||   145
Invok: Heroism           |       |       |       |    19 ||    19
  Use: Potion            |     1 |     5 |     2 |     4 ||    12
       Scroll            |       |       |     6 |    10 ||    16
  Eat: Chunk             |     1 |     4 |    15 |    28 ||    48
       Ration            |       |     1 |     1 |     4 ||     6
Armor: Scale mail        |    26 |       |       |       ||    26
       Chain mail        |    49 |    95 |   221 |    37 ||   402
       Plate armour      |       |       |       |   492 ||   492
Dodge: Dodged            |    27 |    31 |   102 |   201 ||   361
Block: Shield            |    55 |    87 |   245 |   504 ||   891

Table legend:
 A = Non-vault XP
 B = Vault XP
 C = Vault XP percentage of total XP
 D = Non-vault monster count
 E = Vault monster count
 F = Vault count percentage of total count
                 A         B        C        D         E       F
            +---------+---------+-------+---------+---------+-------
      Total |   19763 |   13266 |  40.2 |     315 |      59 |  15.8
            +---------+---------+-------+---------+---------+-------
        D:1 |      36 |       4 |  10.0 |      20 |       3 |  13.0
        D:2 |     145 |       0 |   0.0 |      19 |       0 |   0.0
        D:3 |     325 |     304 |  48.3 |      35 |       1 |   2.8
        D:4 |     381 |       0 |   0.0 |      16 |       0 |   0.0
        D:5 |     489 |     274 |  35.9 |      14 |       1 |   6.7
        D:6 |    1446 |     648 |  30.9 |      24 |       4 |  14.3
        D:7 |    1045 |     119 |  10.2 |      20 |       1 |   4.8
        D:8 |    3337 |     301 |   8.3 |      35 |       2 |   5.4
        D:9 |    4841 |    2012 |  29.4 |      37 |      23 |  38.3
       D:10 |    2919 |    5739 |  66.3 |      39 |       5 |  11.4
       D:11 |    4000 |    2240 |  35.9 |      39 |      16 |  29.1
      Orc:1 |     799 |    1625 |  67.0 |      17 |       3 |  15.0
            +---------+---------+-------+---------+---------+-------
